 Dungeon Crawl Stone Soup version 0.27-a0-562-g0d39f094a4 (webtiles) character file.

Game seed: 17056267189991689634

1237 Anon1729 the Gusty (level 8, 0/57 HPs)
             Began as a Demigod Air Elementalist on Mar 8, 2021.
             Slain by an ice beast (6 damage)
             ... on level 6 of the Dungeon.
             The game lasted 00:10:22 (7031 turns).

Anon1729 the Gusty (Demigod Air Elementalist)       Turns: 7031, Time: 00:10:23

Health: 0/57       AC:  2    Str:  9    XL:     8   Next: 4%
Magic:  19/27      EV: 12    Int: 25    God:
Gold:   199        SH:  5    Dex: 14    Spells: 0/15 levels left

rFire    . . .     SeeInvis .   q - +2 whip (elec)
rCold    . . .     Faith    .   (no shield)
rNeg     . . .     Spirit   .   a - +0 robe
rPois    .         Reflect  +   (no helmet)
rElec    .         Harm     .   (no cloak)
rCorr    .         Rampage  .   (no gloves)
Will     .....                  (no boots)
Stlth    ++........             u - amulet of reflection
HPRegen  0.19/turn              r - ring of magical power
MPRegen  0.20/turn              (no ring)

@: no status effects
A: high mp 1, forlorn
a: no special abilities


You were on level 6 of the Dungeon.
You visited 1 branch of the dungeon, and saw 6 of its levels.

You collected 199 gold pieces.

Inventory:

Hand Weapons
 e - a +0 spear
 j - a +2 antimagic dagger
 q - a +2 whip of electrocution (weapon)
 t - a +2 hand axe of flaming
 w - a +1 short sword of venom
Armour
 a - a +0 robe (worn)
Jewellery
 r - a ring of magical power (left hand)
 u - an amulet of reflection (around neck)
 y - a ring of fire
Wands
 o - a wand of iceblast (8)
Scrolls
 b - 9 scrolls of identify {unknown}
 c - 4 scrolls of enchant weapon {unknown}
 g - 4 scrolls of teleportation {unknown}
 h - a scroll of immolation {unknown}
 i - 2 scrolls of fear {unknown}
 k - 2 scrolls of magic mapping {unknown}
 n - a scroll of fog {unknown}
Potions
 d - 2 potions of haste {unknown}
 f - 3 potions of curing
 l - 2 potions of brilliance {unknown}
 m - a potion of might {unknown}
 p - a potion of degeneration {unknown}
 s - 2 potions of flight {unknown}
 v - 2 potions of invisibility {unknown}
 x - a potion of heal wounds {unknown}
 z - a potion of attraction {unknown}


   Skills:
 - Level 2.0 Dodging
 - Level 2.0 Stealth
 + Level 4.4 Spellcasting
 + Level 4.4 Conjurations
 * Level 7.0 Air Magic


You couldn't memorise any spells.
You knew the following spells:

 Your Spells              Type           Power      Damage    Failure   Level
a - Shock                 Conj/Air       100%       1d9       1%          1
b - Swiftness             Air            40%        N/A       1%          2
c - Static Discharge      Conj/Air       34%        N/A       2%          3
d - Airstrike             Air            20%        N/A       4%          4
e - Lightning Bolt        Conj/Air       17%        1d31      24%         5

Your spell library contained the following spells:

 Spells                   Type           Power      Damage    Failure   Level


Dungeon Overview and Level Annotations

Branches:
Dungeon (6/15)
 Temple: D:4-7


Innate Abilities, Weirdness & Mutations

Your attributes grow dramatically as you level up.
You have an increased reservoir of magic. (+10% MP)
You shall have no god before yourself.


Message History

An ice beast is nearby!
You see here a ring of fire.
y - a ring of fire
There is a stone staircase leading up here.
The zap hits the ice beast.
The ice beast is lightly wounded.
The zap hits the ice beast.
The ice beast is moderately wounded.
The ice beast hits you. The ice beast freezes you!
The zap hits the ice beast.
The ice beast is heavily wounded.
The ice beast barely misses you.
A shadow imp comes into view.
Casting: Shock (safe; 1% risk of failure)
Confirm with . or Enter, or press ? or * to list all spells.
The ice beast is struck by an arc of lightning.
The ice beast is severely wounded.
The lightning grounds out.
The shadow imp shouts, "Return whence thou came, thou jarring shard-borne wastrel!"
You hear a shout!
The ice beast hits you. The ice beast freezes you!
Casting: Static Discharge (dangerous; 2% risk of failure)
Confirm with . or Enter, or press ? or * to list all spells.
The ice beast is struck by an arc of lightning!
The ice beast is almost dead.
The lightning grounds out.
The ice beast hits you. The ice beast freezes you!
* * * LOW HITPOINT WARNING * * *
The shadow imp gestures at you. Pain shoots through your body!
* * * LOW HITPOINT WARNING * * *
Unknown command.
Unknown command.
Unknown command.
You feel better.
The ice beast hits you but does no damage.
A shadow imp comes into view.
The ice beast hits you.
* * * LOW HITPOINT WARNING * * *
The ice beast freezes you.
You die...

+........#######
#...............
#...............
#...............
#...............
................
.......Y........
.......@....#
............#
............#
...........5#
..[.#.........
....#..........
... #######...5.
.. .....


You could see an ice beast and 2 shadow imps.

Vanquished Creatures
  Sigmund (D:2)
  Eustachio (D:5)
  Duvessa (D:5)
  A sky beast (D:4)
  Dowan (D:5)
  3 scorpions
  4 orc priests (D:5)
  A bullfrog skeleton (D:4)
  6 orc wizards
  4 worker ants
  4 adders
  An ooze (D:3)
  An adder skeleton (D:4)
  An adder zombie (D:5)
  5 worms
  A dart slug (D:3)
  A leopard gecko (D:2)
  12 orcs
  3 ball pythons
  9 bats
  3 giant cockroaches
  8 goblins
  10 hobgoblins
  15 jackals
  A quokka (D:5)
  3 frilled lizards
  A giant cockroach zombie (D:5)
  2 kobolds
  A leopard gecko zombie (D:5)
  7 rats
112 creatures vanquished.

Notes
Turn   | Place    | Note
-------+----------+-------------------------------------------
     0 | D:1      | Anon1729 the Demigod Air Elementalist began the quest for
                  | the Orb.
     0 | D:1      | Reached XP level 1. HP: 14/14 MP: 5/5
   197 | D:1      | Reached skill level 1 in Conjurations
   618 | D:1      | Reached XP level 2. HP: 20/20 MP: 4/7
   738 | D:1      | Reached skill level 3 in Air Magic
  1400 | D:2      | Noticed Sigmund
  1606 | D:2      | Learned a level 2 spell: Swiftness
  1873 | D:3      | Reached XP level 3. HP: 26/26 MP: 6/8
  1909 | D:3      | Reached XP level 4. HP: 33/33 MP: 0/10
  2911 | D:2      | Reached skill level 4 in Air Magic
  3125 | D:2      | Killed Sigmund
  3126 | D:2      | Reached XP level 5. HP: 32/38 MP: 0/12
  3946 | D:4      | Reached XP level 6. HP: 35/45 MP: 8/13
  3947 | D:4      | Reached skill level 5 in Air Magic
  5062 | D:5      | Entered Level 5 of the Dungeon
  5282 | D:3      | Learned a level 3 spell: Static Discharge
  5287 | D:3      | Learned a level 4 spell: Airstrike
  5523 | D:5      | Reached XP level 7. HP: 27/50 MP: 15/15
  5796 | D:5      | Noticed Eustachio
  5862 | D:5      | Killed Eustachio
  5863 | D:5      | Reached skill level 6 in Air Magic
  6157 | D:5      | Noticed Duvessa
  6160 | D:5      | Noticed Dowan
  6179 | D:5      | Killed Duvessa
  6352 | D:5      | Killed Dowan
  6673 | D:5      | Reached skill level 7 in Air Magic
  6673 | D:5      | Reached XP level 8. HP: 57/57 MP: 17/18
  6795 | D:5      | Learned a level 5 spell: Lightning Bolt
  6894 | D:5      | Noticed an angel
  6907 | D:5      | Noticed a profane servitor
  7031 | D:6      | Slain by an ice beast

Illustrated notes

Levels and vault maps discovered:
D:1:      co_arrival_random_square_maze, layout_basic
D:2:      layout_basic, chequers_temple_overflow_statue_of_worship,
          lemuel_crystal_altar, uniq_sigmund
D:3:      layout_basic
D:4:      layout_loops_ring, kennysheep_okawaru_gauntlet
D:5:      layout_rooms, grunt_temple_overflow_holy_war, elyvilon_altar_3,
          uniq_eustachio, uniq_duvessa
D:6:      layout_basic

Skill      XL: |  1  2  3  4  5  6  7 |
---------------+----------------------+-----
Conjurations   | 1 2 3 4 |  4.4
Dodging        | 2 |  2.0
Stealth        | 2 |  2.0
Air Magic      | 3 4 5 7 |  7.0
Spellcasting   | 2 3 4 |  4.4

Action                   |  1- 3 |  4- 6 |  7- 9 || total
-------------------------+-------+-------+-------++-------
Melee: Unarmed           |    21 |       |       ||    21
       Spear             |    13 |    14 |       ||    27
       Dagger            |       |    10 |       ||    10
       Whip              |       |     9 |     8 ||    17
 Cast: Shock             |    57 |   162 |    50 ||   269
       Static Discharge  |       |     2 |     2 ||     4
       Airstrike         |       |       |    14 ||    14
  Use: Potion            |       |     1 |     1 ||     2
 Stab: Sleeping          |     1 |     2 |       ||     3
Armor: Robe              |     2 |    10 |     4 ||    16
Dodge: Dodged            |    16 |    39 |    11 ||    66
Block: Other             |       |       |     3 ||     3

Table legend: (Time is in decaauts)
 A = Elapsed time spent in this place.
 B = Non-inter-level travel time spent in this place.
 C = Inter-level travel time spent in this place.
 D = Time resting spent in this place.
 E = Time spent auto-exploring this place.
 F = Levels seen in this place.
 G = Mean time per level.
                   A        B        C        D        E       F      G
               +--------+--------+--------+--------+--------+-----+--------+
         Total |   7038 |   6775 |    263 |   1408 |   4580 |   6 | 1173.0 |
       Dungeon |   7038 |   6775 |    263 |   1408 |   4580 |   6 | 1173.0 |
               +--------+--------+--------+--------+--------+-----+--------+

Top non-repeatable levels by time:
     D:3: 1573 daAuts
     D:1: 1535 daAuts
     D:5: 1499 daAuts
     D:2: 1213 daAuts
     D:4: 1206 daAuts
     D:6: 9 daAuts
